 Dungeon Crawl Stone Soup version 0.31-a0-667-g39726597b9 (webtiles) character file.

Game seed: 4099840205814890760

191 LadyOphelia the Chopper (level 5, -1/46 HPs)
             Began as a Hill Orc Reaver on Sept 4, 2023.
             Slain by a scorpion (3 damage)
             ... on level 4 of the Dungeon.
             The game lasted 00:11:02 (3201 turns).

LadyOphelia the Chopper (Hill Orc Reaver)           Turns: 3201, Time: 00:11:02

Health: -1/46      AC:  3    Str: 17    XL:     5   Next: 70%
Magic:  7/7        EV: 11    Int: 13    God:
Gold:   158        SH:  0    Dex:  9    Spells: 1/7 levels left

rFire   . . .        a - +0 hand axe
rCold   . . .        (no shield)
rNeg    . . .        b - +0 leather armour
rPois   .            (no helmet)
rElec   .            (no cloak)
rCorr   .            (no gloves)
SInv    .            (no boots)
Will    .....        (no amulet)
Stlth   +            (no ring)
HPRegen 0.27/turn    (no ring)
MPRegen 0.10/turn

%: no passive effects
@: lethally poisoned (-1 -> -11)
A: no striking features
a: no special abilities


You were on level 4 of the Dungeon.
You visited 1 branch of the dungeon, and saw 4 of its levels.

You collected 158 gold pieces.

Inventory:

Hand Weapons
 a - a +0 hand axe (weapon)
Armour
 b - a +0 leather armour (worn)
Magical Staves
 c - a staff of poison
 j - a staff of earth
Scrolls
 f - a scroll of immolation {unknown}
 i - a scroll of poison {unknown}
 k - a scroll of fog
 l - a scroll of vulnerability {unknown}
 m - a scroll of amnesia
 n - a scroll of teleportation {unknown}
Potions
 d - a potion of curing {unknown}
 e - a potion of brilliance {unknown}
 g - a potion of enlightenment {unknown}
 o - 2 potions of mutation
 p - a potion of berserk rage {unknown}
 q - a potion of lignification {unknown}


   Skills:
 + Level 3.8 Fighting
 + Level 6.0 Axes
 + Level 1.9 Armour
 + Level 2.1 Dodging
 + Level 0.2 Stealth
 + Level 1.6 Spellcasting
 + Level 3.3 Conjurations


You had one spell level left.
You knew the following spells:

 Your Spells              Type           Power      Damage    Failure   Level
a - Kiss of Death         Conj/Necr      20%        2d7       16%         1
b - Momentum Strike       Conj/Tloc      10%        3d8       24%         2
c - Hailstorm             Conj/Ice       5%         3d4       43%         3

Your spell library contained the following spells:

 Spells                   Type           Power      Damage    Failure   Level
 Blink                    Tloc           2%         N/A       43%         2
 Manifold Assault         Tloc           1%         N/A       97%         4


Dungeon Overview and Level Annotations

Branches:
Dungeon (4/15)
 Temple: D:4-7

Altars:
Sif Muna
Xom
Yredelemnul

Annotations:
D:4 3 runed translucent doors, dittoslash's ghost, amateur AtFi


Message History

The scorpion is heavily wounded.
The scorpion closely misses you.
You barely miss the scorpion.
The scorpion is heavily wounded.
The scorpion closely misses you.
You hit the scorpion.
The scorpion is heavily wounded.
The scorpion stings you. The scorpion closely misses you.
You hit the scorpion but do no damage.
The scorpion is heavily wounded.
The scorpion stings you.
You hit the scorpion but do no damage.
The scorpion is heavily wounded.
The scorpion stings you.
You closely miss the scorpion.
The scorpion is heavily wounded.
The scorpion barely misses you.
You hit the scorpion.
The scorpion is severely wounded.
The scorpion stings you.
You hit the scorpion but do no damage.
The scorpion is severely wounded.
The scorpion stings you. The scorpion stings you!
* * * LOW HITPOINT WARNING * * *
You hit the scorpion but do no damage.
The scorpion is severely wounded.
The scorpion stings you.
* * * LOW HITPOINT WARNING * * *
You hit the scorpion but do no damage.
The scorpion is severely wounded.
The scorpion stings you.
* * * LOW HITPOINT WARNING * * *
You are lethally poisoned!
The scorpion poisons you!
You hit the scorpion.
The scorpion is almost dead.
* * * LOW HITPOINT WARNING * * *
You feel very sick. The scorpion stings you.
You die...

#.### #[# #.# #.# #.#
#.# #.#
####################.#
.......@s............#
#########...######.###
#...# #.## .....# #..#
.......# ###.#
........#####...#
.......##.KK##..#
......##.#.#W#..#
...#KK+..#


You could see a scorpion.

Vanquished Creatures
  An iguana (D:4)
  A scorpion zombie (D:4)
  A hound zombie (D:4)
  3 gnolls (D:4)
  2 adders
  An adder zombie (D:4)
  A dart slug (D:1)
  2 orcs (D:3)
  7 bats
  7 endoplasms
  3 giant cockroaches (D:1)
  9 goblins
  11 hobgoblins
  4 quokkas
  3 ball pythons
  2 frilled lizards
  5 kobolds
  A quokka zombie (D:4)
  4 rats (D:1)
68 creatures vanquished.

Notes
Turn   | Place    | Note
-------+----------+-------------------------------------------
     0 | D:1      | LadyOphelia the Hill Orc Reaver began the quest for the
                  | Orb.
     0 | D:1      | Reached XP level 1. HP: 18/18 MP: 3/3
   111 | D:1      | Reached XP level 2. HP: 16/25 MP: 4/4
   819 | D:1      | Reached XP level 3. HP: 30/30 MP: 5/5
  1165 | D:2      | Reached skill level 5 in Axes
  1170 | D:2      | Learned a level 2 spell: Momentum Strike
  1224 | D:2      | Reached skill level 1 in Armour
  1672 | D:3      | Reached XP level 4. HP: 35/37 MP: 6/6
  1680 | D:3      | Found a shimmering altar of Xom.
  1685 | D:3      | Learned a level 3 spell: Hailstorm
  2336 | D:3      | Found a shimmering blue altar of Sif Muna.
  2854 | D:4      | Reached skill level 6 in Axes
  2854 | D:4      | Reached XP level 5. HP: 10/42 MP: 5/7
  3097 | D:4      | Found a basalt altar of Yredelemnul.
  3143 | D:4      | Found a runed translucent gate.
  3143 | D:4      | Found a runed translucent gate.
  3143 | D:4      | Found a runed translucent gate.
  3143 | D:4      | Noticed dittoslash's ghost (amateur AtFi)
  3145 | D:4      | Noticed a kobold brigand
  3201 | D:4      | HP: 2/46 [poisoned by a scorpion]
  3201 | D:4      | Slain by a scorpion

Illustrated notes

Levels and vault maps discovered:
D:1:      dpeg_arrival_erosion, layout_loops_corners
D:2:      layout_rooms, grunt_ministairs_12
D:3:      layout_basic, brannock_xom_greatest_gift, lemuel_blue_sif_altar,
          serial_curves, eino_curves_01, eino_curves_01, minmay_statues_item
D:4:      layout_basic, zin_angel, nicolae_yredelemnul_corpse_copse,
          gammafunk_ghost_nasty_kobolds, hangedman_glass_garden,
          chequers_serial_rivers_small_b

Skill      XL: |  1  2  3  4  5 |
---------------+----------------+-----
Axes           | 5 6 |  6.0
Armour         | 1 |  1.9
Fighting       | 3 |  3.8
Dodging        | 2 |  2.1
Stealth        | |  0.2
Spellcasting   | |  1.6
Conjurations   | |  3.3

Action                     |  1- 3 |  4- 6 || total
---------------------------+-------+-------++-------
  Melee: Hand axe          |   138 |   128 ||   266
         Punch             |     1 |     1 ||     2
   Cast: Kiss of Death     |       |     1 ||     1
    Use: Scroll            |     2 |     2 ||     4
 Armour: Leather armour    |    84 |    89 ||   173
  Dodge: Dodged            |    83 |    65 ||   148

Table legend: (Time is in decaauts)
 A = Elapsed time spent in this place.
 B = Non-inter-level travel time spent in this place.
 C = Inter-level travel time spent in this place.
 D = Time resting spent in this place.
 E = Time spent auto-exploring this place.
 F = Levels seen in this place.
 G = Mean time per level.
                   A        B        C        D        E       F      G
               +--------+--------+--------+--------+--------+-----+--------+
         Total |   3213 |   3148 |     65 |    354 |   1909 |   4 |  803.2 |
       Dungeon |   3213 |   3148 |     65 |    354 |   1909 |   4 |  803.2 |
               +--------+--------+--------+--------+--------+-----+--------+

Top non-repeatable levels by time:
     D:1: 1093 daAuts
     D:3: 1067 daAuts
     D:4: 623 daAuts
     D:2: 429 daAuts
